 Dungeon Crawl Stone Soup version 0.19-a0-994-g3c636f0 (webtiles) character file.

501 Musica the Magician (level 7, -1/57 HPs)
             Began as a Naga Transmuter on July 15, 2016.
             Was a Follower of Cheibriados.
             Slain by an orc
             ... wielding a cursed +0 hand axe
              (6 damage)
             ... on level 4 of the Dungeon.
             The game lasted 00:16:33 (6166 turns).

Musica the Magician (Naga Transmuter)               Turns: 6166, Time: 00:16:34

Health: -1/57      AC:  3    Str: 14    XL:     7   Next: 17%
Magic:  14/14      EV: 10    Int: 17    God:    Cheibriados [*.....]
Gold:   241        SH:  0    Dex: 14    Spells: 4 memorised, 9 levels left

rFire  . . .     SeeInvis +       - Unarmed
rCold  . . .     Gourm    .     b - +0 robe
rNeg   . . .     Faith    .     (no shield)
rPois  +         Spirit   .     (no helmet)
rElec  .         Dismiss  .     (no cloak)
rCorr  .         Reflect  .     (no gloves)
SustAt .         Harm     .     (no barding)
MR     .....                    (no amulet)
Stlth  ++........               (no ring)
                                t - ring of stealth

@: slowed, very slow, not resistant to hostile enchantments, unstealthy
A: see invisible, deformed body, poison resistance, slowness 2, slow metabolism
1, spit poison 2, AC +2
a: Spit Poison, Bend Time, Renounce Religion


You were on level 4 of the Dungeon.
You worshipped Cheibriados.
Cheibriados was aware of your devotion.
You were not hungry.

You visited 2 branches of the dungeon, and saw 6 of its levels.

You collected 241 gold pieces.

Inventory:

Missiles
 a - 14 arrows
 h - 7 javelins (quivered)
 i - 44 poisoned needles
 r - 8 curare-tipped needles
 C - 5 tomahawks
Armour
 b - a +0 robe (worn)
 n - a +2 leather armour of cold resistance
 D - a +0 helmet
Jewellery
 t - a ring of stealth (left hand)
Wands
 F - a wand of digging (17/24)
 G - a wand of iceblast (7/15)
Scrolls
 g - a scroll of teleportation
 j - a scroll of enchant armour {unknown}
 l - a scroll of remove curse
 m - a scroll of blinking {unknown}
 o - 7 scrolls of identify
 q - a scroll of noise {unknown}
 s - a scroll of amnesia {unknown}
 u - a scroll of fear {unknown}
 y - a scroll of immolation {unknown}
Potions
 e - 3 potions of heal wounds {unknown}
 k - a potion of magic {unknown}
 p - 2 potions of degeneration {unknown}
 v - a potion of berserk rage {unknown}
 w - 2 potions of curing {unknown}
 x - 2 potions of cure mutation {unknown}
 z - a potion of flight {unknown}
 A - a potion of haste {unknown}
Books
 c - a book of Changes

   Spells                             Type                      Level
   a - Beastly Appendage              Transmutation                1
   b - Sticks to Snakes               Transmutation                2
   c - Spider Form                    Transmutation/Poison         3
   d - Ice Form                       Ice/Transmutation            4
   e - Blade Hands                    Transmutation                5
 E - a book of Flames

   Spells                             Type                      Level
   a - Flame Tongue                   Conjuration/Fire             1
   b - Throw Flame                    Conjuration/Fire             2
   c - Conjure Flame                  Conjuration/Fire             3
   d - Inner Flame                    Hexes/Fire                   3
   e - Sticky Flame                   Conjuration/Fire             4
   f - Fireball                       Conjuration/Fire             5
Comestibles
 d - 3 bread rations
 f - 2 meat rations
 B - 8 fruits


   Skills:
 - Level 1.0 Fighting
 - Level 1.5 Dodging
 + Level 4.1 Unarmed Combat
 + Level 4.9 Spellcasting
 + Level 4.8 Transmutations


You had 9 spell levels left.
You knew the following spells:

 Your Spells              Type           Power        Failure   Level  Hunger
a - Beastly Appendage     Tmut           ###...       1%          1    None
b - Sticks to Snakes      Tmut           ###.....     2%          2    #......
c - Flame Tongue          Conj/Fire      #....        17%         1    None
d - Throw Flame           Conj/Fire      #.....       24%         2    #......


Dungeon Overview and Level Annotations

Branches:
Dungeon (5/15)             Temple (1/1) D:4

Altars:
Ashenzari
Cheibriados
Dithmenos
Elyvilon
Fedhas
Gozag
Hepliaklqana
Kikubaaqudgha
Makhleb
Nemelex Xobeh
Okawaru
Pakellas
Qazlal
Ru
Sif Muna
Trog
Uskayaw
Vehumet
Xom
Yredelemnul
Zin


Innate Abilities, Weirdness & Mutations

You cannot wear boots.
Your serpentine skin is tough. (AC +2)
You have supernaturally acute eyesight. (SInv)
Armour fits poorly on your strangely shaped body.
Your system is resistant to poisons. (rPois)
You cover ground very slowly.
You have a slow metabolism.
You can spit poison.


Message History

The orc wizard gestures at you while chanting.
You feel yourself slow down.
The orc wizard gestures wildly while chanting.
The orc wizard blinks!
There is a stone staircase leading up here.
You feel sick.
You are no longer poisoned.
The orc barely misses you. The orc hits you with a club.
* * * LOW HITPOINT WARNING * * *
The orc hits you with a hand axe.
* * * LOW HITPOINT WARNING * * *
You climb upwards.
Your horns disappear.
There is a stone staircase leading down here.
The orc closely misses you. The orc hits you but does no damage. x3
The orc hits you with a hand axe!
* * * LOW HITPOINT WARNING * * *
The orc misses you. The orc hits you with a hand axe.
You die...

###..(.............'...
#...............##...
#.#####.#######.##... #.#
#.#######.##... #.#
#.#.......##... #.#
#.#.#########.[ #.#
#.#.#......##..
#########.#####.#.#.####.##.[
#........>oo@............<+..
#.####...########.#.##.#.##..
#.# #...##### #.#.##.#.##..
#.# #...#...####.#.##.#+##..
#.# #......['....#..........
#.# #.......##########......
#.# #.......# #....'....##
#.# #.......# #.####....# #.#
#.......# #.# #....#


You could see 2 orcs.

Vanquished Creatures
  A hungry ghost (D:4)
  2 scorpions (D:5)
  A howler monkey (D:4)
  A jelly (D:5)
  2 hounds
  A hound skeleton (D:4)
  4 adders
  A howler monkey skeleton (D:4)
  A worm (D:2)
  3 dart slugs
  4 giant geckos
  3 orcs
  7 giant cockroaches
  5 goblins
  A hobgoblin (D:1)
  8 jackals (D:4)
  2 quokkas
  A ball python (D:2)
  11 bats
  3 giant newts (D:3)
  4 kobolds
  6 rats
72 creatures vanquished.

Vanquished Creatures (collateral kills)
  A crimson imp (D:5)
  A worker ant (D:4)
  A worm (D:3)
  A quokka (D:5)
4 creatures vanquished.

Grand Total: 76 creatures vanquished

Notes
Turn   | Place    | Note
-------+----------+-------------------------------------------
     0 | D:1      | Musica the Naga Transmuter began the quest for the Orb.
     0 | D:1      | Reached XP level 1. HP: 18/18 MP: 3/3
   424 | D:2      | Reached XP level 2. HP: 16/25 MP: 3/5
  1290 | D:2      | Reached XP level 3. HP: 13/31 MP: 7/7
  1893 | D:2      | Learned a level 2 spell: Sticks to Snakes
  2059 | D:2      | Reached XP level 4. HP: 11/38 MP: 6/8
  2622 | D:3      | Found a faded altar of an unknown god.
  3853 | D:5      | Entered Level 5 of the Dungeon
  4005 | D:4      | Reached XP level 5. HP: 19/44 MP: 8/10
  4520 | D:4      | Noticed a hungry ghost
  4540 | D:4      | Killed a hungry ghost
  4540 | D:4      | Reached XP level 6. HP: 30/51 MP: 10/12
  4545 | D:4      | Found a staircase to the Ecumenical Temple.
  4584 | Temple   | Entered the Ecumenical Temple
  4709 | Temple   | Became a worshipper of Cheibriados the Contemplative
  5853 | D:5      | Reached XP level 7. HP: 9/57 MP: 12/14
  6106 | D:5      | Learned a level 1 spell: Flame Tongue
  6109 | D:5      | Learned a level 2 spell: Throw Flame
  6140 | D:5      | Reached * piety under Cheibriados
  6166 | D:4      | Slain by an orc

Vault maps used:
D:1:      lemuel_arrival_tunnels
D:3:      ecumenical_altar_2, grunt_decor_resistance,
          corexii_hall_statues_deadend, feat_on_display
D:4:      minmay_misc_feat_rows, dk_vineyard_3
D:5:      first_bread, uniq_edmund
Temple:   roderic_octagonal_lattice_temple

Skill      XL: |  1  2  3  4  5  6 |
---------------+-------------------+-----
Spellcasting   | 3 4 |  4.9
Transmutations | 3 4 |  4.8
Unarmed Combat | 4 |  4.1
Fighting       | |  1.0
Dodging        | |  1.5

Action                   |  1- 3 |  4- 6 |  7- 9 || total
-------------------------+-------+-------+-------++-------
Melee: Unarmed           |   132 |   244 |     9 ||   385
       Headbutt          |     9 |    19 |     3 ||    31
       Punch             |       |     1 |     1 ||     2
Throw: Javelin           |     4 |     4 |       ||     8
 Cast: Beastly Appendage |    18 |    21 |     2 ||    41
       Sticks to Snakes  |       |     9 |     1 ||    10
       Flame Tongue      |       |       |     1 ||     1
  Use: Scroll            |       |     5 |       ||     5
       Potion            |       |     1 |       ||     1
 Stab: Sleeping          |     3 |     3 |       ||     6
  Eat: Chunk             |     3 |     6 |       ||     9
       Fruit             |       |     8 |       ||     8
       Beef jerky        |       |     2 |       ||     2
Armor: Robe              |    45 |    64 |     4 ||   113
Dodge: Dodged            |    98 |   126 |     9 ||   233
